 Dungeon Crawl Stone Soup version 0.20.1-1-g8b1a95d (webtiles) character file.

203 Thjof the Poker (level 5, -6/39 HPs)
             Began as a Merfolk Skald on Nov 10, 2017.
             Killed from afar by an orc wizard (11 damage)
             ... with a puff of flame
             ... on level 3 of the Dungeon.
             The game lasted 00:40:25 (2920 turns).

Thjof the Poker (Merfolk Skald)                     Turns: 2920, Time: 00:40:26

Health: -6/39      AC:  6    Str: 12    XL:     5   Next: 81%
Magic:  1/9        EV: 17    Int: 13    God:
Gold:   152        SH:  0    Dex: 18    Spells: 4/10 levels left

rFire    . . .     SeeInvis .   a - +0 spear
rCold    . . .     Gourm    .   (no shield)
rNeg     . . .     Faith    .   O - +0 ring mail
rPois    .         Spirit   .   (no helmet)
rElec    .         Reflect  .   (no cloak)
rCorr    .         Harm     .   t - +0 pair of gloves
MR       .....                  (no boots)
Stlth    ++........             (no amulet)
Regen    0.2/turn               (no ring)
MPRegen  0.2/turn               (no ring)

@: agile, very slightly contaminated
A: change form in water, swift swim, stealthy swim
a: no special abilities


You were on level 3 of the Dungeon.
You were not hungry.

You visited 1 branch of the dungeon, and saw 4 of its levels.

You collected 152 gold pieces.

Inventory:

Hand Weapons
 a - a +0 spear (weapon)
 b - a +0 blowgun
Missiles
 q - a tomahawk (quivered)
 v - 21 bolts
 S - 13 poisoned needles
Armour
 t - a +0 pair of gloves (worn)
 O - a +0 ring mail (worn)
 P - a +0 leather armour
Scrolls
 j - a scroll of fog {unknown}
 k - a scroll of identify
 y - a scroll of enchant armour {unknown}
 B - a scroll of fear {unknown}
 F - a scroll of recharging {unknown}
 H - a scroll of magic mapping {unknown}
 K - a scroll of teleportation {unknown}
Potions
 h - a potion of flight
 C - a potion of ambrosia {unknown}
 I - a potion of haste {unknown}
Books
 c - a book of Battle

   Spells                             Type                      Level
   a - Infusion                       Charms                       1
   b - Shroud of Golubria             Charms/Translocation         2
   c - Song of Slaying                Charms                       2
   d - Spectral Weapon                Hexes/Charms                 3
   e - Regeneration                   Charms/Necromancy            3
 M - a book of Cantrips

   Spells                             Type                      Level
   a - Confusing Touch                Hexes                        1
   b - Animate Skeleton               Necromancy                   1
   c - Summon Small Mammal            Summoning                    1
   d - Apportation                    Translocation                1
Comestibles
 d - a bread ration
 n - a chunk of flesh
 J - 2 meat rations


   Skills:
 + Level 2.6 Fighting
 + Level 4.1 Polearms
 + Level 0.4 Throwing
 + Level 1.3 Armour
 + Level 3.6 Dodging
 + Level 0.8 Stealth
 + Level 3.0 Spellcasting
 - Level 4.0 Charms
 + Level 0.4 Necromancy
 + Level 1.1 Translocations


You had 4 spell levels left.
You knew the following spells:

 Your Spells              Type           Power        Failure   Level  Hunger
a - Infusion              Chrm           ##..         10%         1    #......
b - Shroud of Golubria    Chrm/Tloc      #.........   26%         2    ###....
c - Regeneration          Chrm/Necr      #.........   52%         3    ###....


Dungeon Overview and Level Annotations

Branches:
Dungeon (4/15)
 Temple: D:4-7

Altars:


Message History

You hear some strange, mumbled words.
A magic dart appears from out of thin air!
The magic dart hits you!
* * * LOW HITPOINT WARNING * * *
Something hits you.
* * * LOW HITPOINT WARNING * * *
It was a potion of agility.
You feel agile all of a sudden. Something barely misses you.
You miss something.
You hear some strange, mumbled words.
A puff of flame appears from out of thin air!
The puff of flame hits you!
* * * LOW HITPOINT WARNING * * *
Something hits you but does no damage.
You barely miss something.
You hear some strange, mumbled words.
A puff of flame appears from out of thin air!
The puff of flame hits you!
You die...

.##.......+........#.#
#......#
.++.......##..##...#.#
#####+##
.##.......##..##...#.## #.#
.##.......##...#......######.#
.##...######.......#.........#
####+## #)#.#.#.##.######## ##
#.# ###...#.##.# .# #.#
##..#....# ####.# #.@######
.....# #### ######


There were no monsters in sight!

Vanquished Creatures
  An orc priest (D:4)
  2 orc wizards (D:3)
  4 adders
  An ooze (D:1)
  2 dart slugs (D:1)
  2 leopard geckos (D:1)
  5 orcs
  6 bats
  3 giant cockroaches
  8 goblins
  7 hobgoblins
  8 jackals
  4 frilled lizards
  6 kobolds
  8 rats
67 creatures vanquished.

Notes
Turn   | Place    | Note
-------+----------+-------------------------------------------
     0 | D:1      | Thjof the Merfolk Skald began the quest for the Orb.
     0 | D:1      | Reached XP level 1. HP: 16/16 MP: 3/3
   138 | D:1      | Reached XP level 2. HP: 22/22 MP: 1/5
   147 | D:1      | Learned a level 2 spell: Shroud of Golubria
   584 | D:1      | Reached XP level 3. HP: 15/28 MP: 2/6
  1214 | D:2      | Reached XP level 4. HP: 25/34 MP: 0/7
  1307 | D:2      | Learned a level 3 spell: Regeneration
  2026 | D:3      | Reached skill level 1 in Armour
  2086 | D:3      | Reached skill level 1 in Translocations
  2086 | D:3      | Reached XP level 5. HP: 30/39 MP: 1/9
  2920 | D:3      | Killed from afar by an orc wizard

Skill      XL: |  1  2  3  4  5 |
---------------+----------------+-----
Dodging        | 3 |  3.6
Charms         | 4 |  4.0
Armour         | 1 |  1.3
Translocations | 1 |  1.1
Polearms       | 4 |  4.1
Spellcasting   | 3 |  3.0
Fighting       | |  2.6
Throwing       | |  0.4
Stealth        | |  0.8
Necromancy     | |  0.4

Action                   |  1- 3 |  4- 6 || total
-------------------------+-------+-------++-------
Melee: Spear             |   136 |   159 ||   295
 Fire: Blowgun           |       |     8 ||     8
Throw: Stone             |    10 |     3 ||    13
       Javelin           |       |     3 ||     3
       Tomahawk          |       |     1 ||     1
 Cast: Infusion          |    10 |     9 ||    19
       Shroud of Golubri |    11 |    11 ||    22
       Regeneration      |       |     2 ||     2
  Use: Scroll            |       |     2 ||     2
       Potion            |       |     3 ||     3
 Stab: Sleeping          |     1 |     1 ||     2
  Eat: Chunk             |     1 |     8 ||     9
Armor: Leather armour    |    24 |    15 ||    39
       Ring mail         |       |     8 ||     8
Dodge: Dodged            |    81 |    78 ||   159
